 Dungeon Crawl Stone Soup version 0.20.1-1-g8b1a95d (webtiles) character file.

632 empire the Covered (level 7, 0/61 HPs)
             Began as a Minotaur Fighter on Aug 8, 2017.
             Slain by Pikel
             ... wielding a +2 whip of freezing
              (4 damage)
             ... on level 4 of the Dungeon.
             The game lasted 00:06:06 (3395 turns).

empire the Covered (Minotaur Fighter)               Turns: 3395, Time: 00:06:07

Health: 0/61       AC:  7    Str: 21    XL:     7   Next: 24%
Magic:  6/6        EV:  9    Int:  5    God:
Gold:   191        SH: 11    Dex: 11    Spells: 6/6 levels left

rFire    . . .     SeeInvis .   a - +0 long sword
rCold    . . .     Gourm    .   h - +1 shield {reflect}
rNeg     . . .     Faith    .   b - +0 scale mail
rPois    .         Spirit   .   (helmet restricted)
rElec    .         Reflect  +   (no cloak)
rCorr    .         Harm     .   (no gloves)
MR       .....                  (no boots)
Stlth    ..........             (no amulet)
Regen    0.2/turn               (no ring)
MPRegen  0.1/turn               (no ring)

@: no status effects
A: retaliatory headbutt, horns 2
a: no special abilities


You were on level 4 of the Dungeon.
You were hungry.

You visited 1 branch of the dungeon, and saw 4 of its levels.

You collected 191 gold pieces.

Inventory:

Hand Weapons
 a - a +0 long sword (weapon)
Armour
 b - a +0 scale mail (worn)
 c - a +0 shield
 h - a +1 shield of reflection (worn)
Jewellery
 k - an uncursed amulet of the gourmand {unknown}
 n - a cursed ring of teleportation {unknown}
 o - an uncursed ring of fire {unknown}
Wands
 d - a wand of flame (11/48)
Scrolls
 e - 4 scrolls of remove curse {unknown}
 g - 5 scrolls of amnesia {unknown}
 l - 4 scrolls of blinking {unknown}
 m - 2 scrolls of recharging {unknown}
 p - 4 scrolls of identify {unknown}
 r - a scroll of magic mapping {unknown}
 v - a scroll of teleportation {unknown}
 w - a scroll of enchant armour {unknown}
Potions
 i - 2 potions of lignification
 j - a potion of flight {unknown}
 s - a potion of degeneration {unknown}
 t - a potion of brilliance {unknown}
 x - a potion of haste {unknown}
Comestibles
 f - 3 bread rations


   Skills:
 + Level 5.5 Fighting
 + Level 4.4 Long Blades
 + Level 5.6 Armour
 + Level 3.6 Dodging
 + Level 5.6 Shields


You had 6 spell levels left.
You didn't know any spells.

Dungeon Overview and Level Annotations

Branches:
Dungeon (4/15)
 Temple: D:4-7

Altars:
Cheibriados
Elyvilon
Fedhas
Hepliaklqana
Vehumet
Zin
The Shining One

Annotations:
D:4 Pikel


Innate Abilities, Weirdness & Mutations

You reflexively headbutt those who attack you in melee.
You have a pair of horns on your head.


Message History

Pikel is almost dead.
The slave hits you but does no damage. x2; Pikel hits you but does no damage.
You block the slave's attack. The slave hits you.
* * * LOW HITPOINT WARNING * * *
The slave hits you.
* * * LOW HITPOINT WARNING * * *
You closely miss Pikel.
Pikel is almost dead.
You block the slave's attack. You block Pikel's attack.
You block the slave's attack. The slave barely misses you.
You riposte.
You slash the slave!
The slave is heavily wounded.
The worm barely misses you.
You riposte.
You barely miss the worm. The slave hits you but does no damage.
You block the slave's attack.
You completely miss Pikel.
Pikel is almost dead.
You feel less wooden.
Your +0 scale mail unmelds from your body.
Pikel hits you with a whip of freezing.
You die...

#.........#.##
#.........#...
#.........'...#
#.........#####
#####..........
#..........
#..........
#.w........
#.p@p.#####
......pKp.#
..........#
..........#
..........#
..........#
..........#
..........#


You could see Pikel, 4 slaves and a worm.

Vanquished Creatures
  An ogre (D:4)
  A scorpion (D:4)
  2 howler monkeys (D:4)
  A hound (D:4)
  An orc wizard (D:3)
  An orc priest (D:3)
  A bullfrog skeleton (D:4)
  Natasha (thrice) (D:2 D:4)
  A worker ant (D:4)
  3 gnolls (D:4)
  6 adders
  An adder skeleton (D:3)
  8 worms
  3 dart slugs
  7 leopard geckos
  6 orcs
  A ball python (D:3)
  5 giant cockroaches
  7 goblins
  12 hobgoblins
  8 jackals
  8 kobolds
  2 quokkas
  5 bats
  A frilled lizard (D:2)
  A quokka skeleton (D:4)
  9 rats
  A fungus (D:3)
  2 plants (D:3)
108 creatures vanquished.

Notes
Turn   | Place    | Note
-------+----------+-------------------------------------------
     0 | D:1      | empire the Minotaur Fighter began the quest for the Orb.
     0 | D:1      | Reached XP level 1. HP: 19/19 MP: 0/0
    43 | D:1      | Reached XP level 2. HP: 26/27 MP: 1/1
    44 | D:1      | Reached skill level 1 in Dodging
   281 | D:1      | Reached XP level 3. HP: 33/33 MP: 2/2
   384 | D:2      | Found a hazy altar of Hepliaklqana.
   602 | D:2      | Reached XP level 4. HP: 40/40 MP: 3/3
   772 | D:2      | Found a glowing silver altar of Zin.
   772 | D:2      | Found a white marble altar of Elyvilon.
   772 | D:2      | Found a glowing golden altar of the Shining One.
   813 | D:2      | Found a snail-covered altar of Cheibriados.
   830 | D:2      | Noticed Natasha
   840 | D:2      | Killed Natasha
  1053 | D:3      | Reached XP level 5. HP: 44/47 MP: 4/4
  1415 | D:3      | Found a blossoming altar of Fedhas.
  1750 | D:3      | Found a radiant altar of Vehumet.
  2309 | D:4      | Noticed an ogre
  2319 | D:4      | Killed an ogre
  2319 | D:4      | Reached skill level 5 in Fighting
  2319 | D:4      | Reached skill level 5 in Armour
  2319 | D:4      | Reached skill level 5 in Shields
  2319 | D:4      | Reached XP level 6. HP: 4/56 MP: 5/5
  3065 | D:4      | Noticed Natasha
  3070 | D:4      | Killed Natasha
  3095 | D:4      | Reached XP level 7. HP: 57/61 MP: 6/6
  3097 | D:4      | Noticed Natasha
  3108 | D:4      | Killed Natasha
  3363 | D:4      | Noticed Pikel
  3395 | D:4      | Slain by Pikel

Skill      XL: |  1  2  3  4  5  6 |
---------------+-------------------+-----
Dodging        | 1 2 3 |  3.6
Fighting       | 4 5 |  5.5
Armour         | 4 5 |  5.6
Shields        | 4 5 |  5.6
Long Blades    | 3 4 |  4.4

Action                   |  1- 3 |  4- 6 |  7- 9 || total
-------------------------+-------+-------+-------++-------
Melee: Long sword        |    77 |   217 |    40 ||   334
       Headbutt          |    12 |    43 |     9 ||    64
  Use: Potion            |       |     1 |     5 ||     6
  Eat: Chunk             |       |     7 |     1 ||     8
Armor: Scale mail        |    24 |    50 |     2 ||    76
       Skin              |       |       |    79 ||    79
Dodge: Dodged            |    26 |    62 |    25 ||   113
Block: Shield            |    50 |   126 |    59 ||   235
       Reflection        |       |     3 |       ||     3
       Rpst.: Long sword |     6 |    15 |     7 ||    28
